 Dungeon Crawl Stone Soup version 0.28.0 (webtiles) character file.

Game seed: 10214433171373631561

10677 horus123 the Fighter (level 11, -4/101 HPs)
             Began as a Minotaur Fighter on Feb 6, 2022.
             Was a Priest of the Shining One.
             Killed from afar by a hell hog (15 damage)
             ... with a fireball
             ... on level 2 of the Abyss.
             The game lasted 00:21:31 (10365 turns).

horus123 the Fighter (Minotaur Fighter)            Turns: 10365, Time: 00:21:32

Health: -4/101     AC: 23    Str: 20    XL:     11   Next: 39%
Magic:  3/17       EV:  6    Int:  5    God:    the Shining One [***...]
Gold:   603        SH: 17    Dex: 15    Spells: 10/10 levels left

rFire   . . .      SeeInvis .   a - +2 flail
rCold   + . .      Faith    .   f - +2 tower shield {AC+3}
rNeg    + . .      Spirit   .   c - +1 plate armour
rPois   .          Reflect  .   (helmet restricted)
rElec   .          Harm     .   p - +2 cloak
rCorr   .          Rampage  .   (no gloves)
Will    +....                   n - +0 pair of boots
Stlth   ..........              y - amulet of regeneration
HPRegen 1.06/turn               m - ring of protection from cold
MPRegen 0.15/turn               r - ring of willpower

@: glowing
A: horns 2, retaliatory headbutt
a: Renounce Religion, Divine Shield, Cleansing Flame


You were on level 2 of the Abyss.
You worshipped the Shining One.
The Shining One was most pleased with you.
You visited 2 branches of the dungeon, and saw 11 of its levels.
You visited the Abyss 1 time.
You also visited: Ossuary and Bailey.

You collected 603 gold pieces.

Inventory:

Hand Weapons
 a - a +2 flail (weapon)
 C - a +0 arbalest
Missiles
 D - 257 bolts
Armour
 c - a +1 plate armour (worn)
 f - a +2 tower shield of protection (worn)
 n - a +0 pair of boots (worn)
 p - a +2 cloak (worn)
Jewellery
 m - a ring of protection from cold (left hand)
 r - a ring of willpower (right hand)
 y - an amulet of regeneration (around neck)
Wands
 h - a wand of iceblast (8)
 i - a wand of flame (17)
 k - a wand of digging (14)
 t - a wand of paralysis (9)
 B - a wand of acid (1)
Scrolls
 d - a scroll of blinking
 e - a scroll of magic mapping
 o - a scroll of fog
 s - a scroll of vulnerability
 E - 2 scrolls of teleportation
Potions
 b - a potion of magic
 g - 5 potions of curing
 j - 3 potions of haste
 l - 2 potions of lignification
 q - 5 potions of heal wounds
 u - a potion of berserk rage
 v - a potion of invisibility {unknown}
 w - a potion of cancellation {unknown}
 x - a potion of brilliance {unknown}
 A - 2 potions of attraction {unknown}


   Skills:
 - Level 10.5 Fighting
 + Level 8.1 Maces & Flails
 - Level 9.3 Armour
 - Level 7.2 Dodging
 - Level 7.1 Shields
 - Level 10.0 Invocations


You had 10 spell levels left.
You didn't know any spells.
Your spell library contained the following spells:

 Spells                   Type           Power      Damage    Failure   Level
 Animate Skeleton         Necr           0%         N/A       100%        1
 Apportation              Tloc           0%         N/A       100%        1
 Beastly Appendage        Tmut           0%         N/A       100%        1
 Summon Small Mammal      Summ           0%         N/A       100%        1
 Wereblood                Tmut           0%         N/A       100%        2
 Spider Form              Tmut/Pois      0%         N/A       100%        3


Dungeon Overview and Level Annotations

Branches:
Dungeon (10/15)            Temple (1/1) D:4            Lair (0/6) D:10
Ossuary (visited)          Bailey (visited)
    Orc: D:9-12

Altars:
Ashenzari
Cheibriados
Dithmenos
Elyvilon
Fedhas
Gozag
Hepliaklqana
Kikubaaqudgha
Makhleb
Nemelex Xobeh
Okawaru
Qazlal
Ru
Sif Muna
Trog
Uskayaw
Vehumet
Wu Jian
Xom
Yredelemnul
Zin
The Shining One

Annotations:
D:8 1 runed translucent door, HallandMoats's ghost, novice DsMo


Innate Abilities, Weirdness & Mutations

You have a pair of horns on your head.
You reflexively headbutt those who attack you in melee.


Message History

The fireball explodes!
The fireball engulfs you!!
The fireball engulfs the hell hog.
The hell hog completely resists.
The hell hog breathes fire at you.
The fireball explodes!
The fireball engulfs you!
The fireball engulfs the hell hog.
The hell hog completely resists.
Unknown command.
The hell hog bites you but does no damage.
The hell hog breathes fire at you.
The fireball explodes!
The fireball engulfs you!
* * * LOW HITPOINT WARNING * * *
The fireball engulfs the hell hog.
The hell hog completely resists.
The hell hog bites you.
* * * LOW HITPOINT WARNING * * *
The hell hog breathes fire at you.
The fireball explodes!
The fireball engulfs you!!
* * * LOW HITPOINT WARNING * * *
The fireball engulfs the hell hog.
The hell hog completely resists.
Activating: Cleansing Flame (9% risk of failure)
Press: ? - help, Dir - look around, f - activate The golden flame engulfs you but does no damage.
You resist.
The golden flame engulfs the hell hog!
The hell hog writhes in agony!
The hell hog is lightly wounded.
The hell hog closely misses you.
Activating: Cleansing Flame (9% risk of failure)
Press: ? - help, Dir - look around, f - activate The golden flame engulfs you but does no damage.
You resist.
The golden flame engulfs the hell hog!!!
The hell hog writhes in agony!
The hell hog is severely wounded.
The golden flame engulfs the hell hog!!
The hell hog writhes in agony!
The hell hog is heavily wounded.
You block the hell hog's attack.
You don't have enough magic at the moment.
Unknown command.
Okay, then.
The hell hog breathes fire at you.
The fireball explodes!
The fireball engulfs you!
You die...

... ...# ..... ....
#... #...#######
#....@....#.### .
#....hh..........
........###.##.##..
##.....hh ....
......#..h§.....
.##...#..........
.....#....... ...
#.#..##...........
..#_. ........ ...


You could see 4 hell hogs.

Vanquished Creatures
  Erolcha (D:9)
  Erica (D:8)
  A two-headed ogre (D:8)
  Pikel (D:4)
  2 wizards (D:10)
  An orc knight (Bailey)
  An ugly thing (D:9)
  Sigmund (D:2)
  11 yaks (D:9)
  3 water moccasins
  An ice beast (D:5)
  13 orc warriors
  4 sky beasts
  An ogre (D:6)
  3 centaurs
  A phantom (D:2)
  2 wyvern zombies
  4 bullfrogs
  3 scorpions
  3 water moccasin zombies
  3 electric eels (D:7)
  6 howler monkeys
  2 centaur zombies
  4 bullfrog zombies
  4 hounds
  A jelly (D:6)
  3 centaur skeletons
  2 orc priests
  2 human zombies (Ossuary)
  Crazy Yiuf (D:2)
  Ijyb (D:4)
  Natasha (twice) (D:4)
  4 iguanas (D:5)
  7 orc wizards
  3 mummies (Ossuary)
  2 howler monkey zombies
  5 adders
  2 shadow imps
  2 adder zombies (Ossuary)
  4 worms
  2 dart slugs (D:2)
  34 orcs
  5 ball pythons
  2 bats
  9 endoplasms
  5 giant cockroaches
  A gnoll zombie (Ossuary)
  7 goblins
  6 hobgoblins
  2 quokkas
  2 frilled lizards
  5 goblin zombies (Ossuary)
  3 hobgoblin zombies (Ossuary)
  7 kobolds
  2 kobold zombies (Ossuary)
  An orc zombie (Ossuary)
  2 quokka zombies (Ossuary)
  4 rats (D:1)
217 creatures vanquished.

Notes
Turn   | Place    | Note
-------+----------+-------------------------------------------
     0 | D:1      | horus123 the Minotaur Fighter began the quest for the Orb.
     0 | D:1      | Reached XP level 1. HP: 19/19 MP: 0/0
   274 | D:1      | Reached XP level 2. HP: 24/28 MP: 1/1
   557 | D:1      | Reached skill level 5 in Fighting
   605 | D:1      | Reached XP level 3. HP: 27/36 MP: 2/2
  1087 | D:2      | You fall into a shaft and drop 1 floor!
  1219 | D:3      | Found a faded altar of an unknown god.
  1404 | D:2      | Identified a scroll of acquirement
  1404 | D:2      | Acquired a +0 tower shield of protection
  1580 | D:2      | Found a runed translucent door.
  1581 | D:2      | Noticed Crazy Yiuf
  1761 | D:2      | Reached XP level 4. HP: 41/42 MP: 3/3
  1803 | D:2      | Noticed a phantom
  1816 | D:2      | Killed a phantom
  1817 | D:2      | Reached skill level 5 in Shields
  1817 | D:2      | Reached XP level 5. HP: 34/48 MP: 4/4
  1927 | D:2      | Noticed Sigmund
  1944 | D:2      | Killed Sigmund
  1945 | D:2      | Reached XP level 6. HP: 29/56 MP: 5/5
  2149 | D:2      | Killed Crazy Yiuf
  2634 | D:4      | Noticed Ijyb
  2642 | D:4      | Killed Ijyb
  2643 | D:4      | Reached skill level 1 in Dodging
  3008 | D:4      | Reached XP level 7. HP: 60/61 MP: 6/6
  3044 | D:4      | Noticed Natasha
  3046 | D:4      | Found a staircase to the Ecumenical Temple.
  3062 | D:4      | Killed Natasha
  3075 | Temple   | Entered the Ecumenical Temple
  3579 | Temple   | Became a worshipper of the Shining One
  3603 | D:4      | Noticed Pikel
  3605 | D:4      | Noticed Natasha
  3620 | D:4      | Killed Pikel
  3621 | D:4      | Reached XP level 8. HP: 39/68 MP: 7/7
  3623 | D:4      | Killed Natasha
  3835 | D:5      | Entered Level 5 of the Dungeon
  4037 | D:5      | Reached skill level 5 in Armour
  4376 | D:5      | Found a sand-covered staircase.
  4387 | Ossuary  | Entered an ossuary
  4399 | Ossuary  | Reached * piety under the Shining One
  4611 | Ossuary  | Reached ** piety under the Shining One
  4995 | D:5      | Reached XP level 9. HP: 74/74 MP: 8/8
  5506 | D:6      | Reached *** piety under the Shining One
  5874 | D:7      | Reached skill level 1 in Invocations
  5894 | D:7      | Found a white marble altar of Elyvilon.
  5909 | D:7      | HP: 3/79 [sky beast (6)]
  6332 | D:7      | Reached skill level 5 in Invocations
  7473 | D:8      | Noticed Erica
  7491 | D:8      | Killed Erica
  7492 | D:8      | Reached XP level 10. HP: 13/86 MP: 12/14
  7826 | D:8      | Noticed a two-headed ogre
  7835 | D:8      | Killed a two-headed ogre
  8088 | D:8      | Found a runed translucent door.
  8095 | D:8      | Found a shimmering altar of Xom.
  8095 | D:8      | Noticed HallandMoats's ghost (novice DsMo)
  8095 | D:8      | Noticed a +1 dagger of chaos
  8423 | D:9      | Found a flagged portal.
  8434 | Bailey   | Entered a bailey
  8783 | Bailey   | Reached skill level 10 in Invocations
  8830 | Bailey   | Noticed an orc knight
  8841 | Bailey   | Killed an orc knight
  9141 | D:9      | Noticed Erolcha
  9161 | D:9      | Killed Erolcha
  9162 | D:9      | Reached skill level 10 in Fighting
  9162 | D:9      | Reached XP level 11. HP: 87/101 MP: 17/17
  9223 | D:9      | Noticed a brown ugly thing
  9241 | D:9      | Killed a brown ugly thing
  9556 | D:9      | Reached skill level 5 in Maces & Flails
  9930 | D:10     | Entered Level 10 of the Dungeon
 10191 | D:10     | Found a burning altar of Makhleb.
 10236 | D:10     | Found a staircase to the Lair.
 10307 | D:10     | Noticed a wizard
 10311 | D:10     | Killed a wizard
 10319 | D:10     | Noticed a wizard
 10319 | D:10     | Noticed a wizard
 10326 | D:10     | Killed a wizard
 10345 | D:10     | Cast into level 2 of the Abyss (a wizard)
 10357 | Abyss:2  | Noticed a hell hog
 10357 | Abyss:2  | Noticed a hell hog
 10357 | Abyss:2  | Noticed a hell hog
 10359 | Abyss:2  | Found a corrupted altar of Lugonu.
 10360 | Abyss:2  | Noticed a hell hog
 10365 | Abyss:2  | Killed from afar by a hell hog

Illustrated notes

Levels and vault maps discovered:
D:1:      doesnt_arrival_eight_statues, layout_rooms
D:2:      layout_loops_cross, uniq_crazy_yiuf_cottage, uniq_sigmund
D:3:      layout_rooms, basic_ecumenical_altar, cheibrodos_sewer_entry_bend,
          minmay_liquid_box, wad_floor_pattern_2, hangedman_decor_growths,
          hex_tiny, kennysheep_small_spiral
D:4:      layout_basic, minmay_temple_entry_wispy, uniq_natasha, uniq_ijyb,
          uniq_pikel
D:5:      layout_loops_ring, nicolae_ossuary_entry_monument,
          minmay_fractal_squares_gapless_5
D:6:      layout_layer_cave, minmay_misc_feat_room, kennysheep_another_room
D:7:      layout_cave_pools, serial_park, serial_park_square2,
          serial_park_fountain, serial_park_square2, serial_park_square3
          [serial_park_minivault_5x5_2]
D:8:      layout_rooms, ebering_ghost_xom, uniq_erica
D:9:      layout_stronghold, enter_bailey_2, uniq_erolcha
D:10:     minmay_smoke_and_mirrors, layout_basic,
          nicolae_overflow_crystal_walls, lair_entry_dummy
Temple:   mainiacjoe_temple_circle_huts
Abyss:2:  base:
D:4

Skill      XL: |  1  2  3  4  5  6  7  8  9 10 11 |
---------------+----------------------------------+-----
Fighting       | 4 5 7 10 | 10.5
Maces & Flails | 4 8 |  8.1
Shields        | 5 6 7 |  7.1
Dodging        | 3 7 |  7.2
Armour         | 9 |  9.3
Invocations    | 7 10 | 10.0

Action                   |  1- 3 |  4- 6 |  7- 9 | 10-12 || total
-------------------------+-------+-------+-------+-------++-------
Melee: Flail             |    93 |    86 |   354 |   225 ||   758
       Headbutt          |    10 |    18 |    93 |    82 ||   203
Invok: Divine Shield     |       |       |     1 |       ||     1
       Cleansing Flame   |       |       |       |     9 ||     9
  Use: Scroll            |     7 |     2 |     7 |     9 ||    25
       Potion            |       |     1 |     3 |     1 ||     5
Armor: Scale mail        |    36 |       |       |       ||    36
       Plate armour      |     2 |    48 |   235 |   122 ||   407
Dodge: Dodged            |    43 |     5 |    83 |    54 ||   185
Block: Buckler           |    23 |       |       |       ||    23
       Tower shield      |     9 |    71 |   386 |   290 ||   756
